 Dungeon Crawl Stone Soup version 0.31-a0-216-g22e908daa7 (webtiles) character file.

Game seed: 13361692225187168557

63 qw the Shooter (level 4, -2/26 HPs)
             Began as a Gargoyle Hexslinger on July 1, 2023.
             Killed by divine providence
             ... invoked by an orc priest
              (15 damage)
             ... on level 3 of the Dungeon.
             The game lasted 00:00:39 (1624 turns).

qw the Shooter (Gargoyle Hexslinger)                Turns: 1624, Time: 00:00:40

Health: -2/26      AC:  5    Str: 11    XL:     4   Next: 9%
Magic:  5/5        EV: 12    Int: 14    God:
Gold:   98         SH:  0    Dex: 14    Spells: 4/5 levels left

rFire   . . .        Y - +1 sling (drain)
rCold   . . .        (no shield)
rNeg    + + +        c - +0 robe
rPois   inf          (no helmet)
rElec   +            (no cloak)
rCorr   +            (no gloves)
SInv    .            (no boots)
Will    .....        (no amulet)
Stlth   +            a - ring "Hifemawi" {*Slow rPois rN++ rCorr Slay+2}
HPRegen 0.24/turn    (no ring)
MPRegen 0.09/turn

%: slow self (1%)
@: no status effects
A: sickness immunity, AC +3, negative energy resistance 1, electricity
resistance, torment resistance 1, petrification resistance
a: no special abilities


You were on level 3 of the Dungeon.
You visited 1 branch of the dungeon, and saw 3 of its levels.

You collected 128 gold pieces.
You spent 30 gold pieces at shops.


Innate Abilities, Weirdness & Mutations

You are immune to sickness and miasma.
Your stone body is resilient. (AC +3)
You are immune to poison.
You resist negative energy. (rN+)
You are resistant to electric shocks. (rElec)
You are resistant to unholy torment.
You are immune to petrification.


   Skills:
 - Level 2.0 Fighting
 + Level 3.9 Ranged Weapons
 - Level 1.5 Dodging
 - Level 1.0 Spellcasting
 - Level 2.6 Hexes


You had 4 spell levels left.
You knew the following spells:

 Your Spells              Type           Power      Damage    Failure   Level
a - Slow                  Hex            32%        N/A       9%          1

Your spell library contained the following spells:

 Spells                   Type           Power      Damage    Failure   Level
 Inner Flame              Hex/Fire       4%         N/A       41%         3
 Portal Projectile        Hex/Tloc       8%         N/A       41%         3
 Cause Fear               Hex            4%         N/A       65%         4

Inventory:

Hand Weapons
 Y - a +1 sling of draining (weapon)
Armour
 c - a +0 robe (worn)
Jewellery
 a - the ring "Hifemawi" (left hand) {*Slow rPois rN++ rCorr Slay+2}
   (You acquired it on level 2 of the Dungeon)

   [ring of resist corrosion]

   Slay:      It affects your accuracy & damage with ranged weapons and melee
   (+2).
   rPois:     It protects you from poison.
   rN:        It greatly protects you from negative energy.
   rCorr:     It protects you from acid and corrosion.
   *Slow:     It may slow you when you take damage.
Scrolls
 e - a scroll of identify
 g - a scroll of teleportation
Potions
 b - a potion of mutation {unknown}
 f - a potion of brilliance {unknown}
 j - a potion of attraction {unknown}
 k - a potion of cancellation {unknown}

Dungeon Overview and Level Annotations

Branches:
Dungeon (3/15)

Altars:

Shops:
D:2 *


Message History

Enter note:
Enter note:
Enter note:
Enter note:
Enter note:
Enter note: You shoot a sling bullet.
The sling bullet hits the orc!
You kill the orc!
You shoot a sling bullet. The sling bullet hits the orc!
You kill the orc!
You hear the brisk rusting of a drain nearby.
An orc priest is nearby!
Enter note:
Enter note:
Enter note:
Enter note:
Enter note:
Enter note:
Enter note:
Enter note:
Enter note: You shoot a sling bullet.
The sling bullet barely misses the orc priest.
You shoot a sling bullet. The sling bullet hits the orc priest.
You drain the orc priest.
The orc priest is severely wounded.
You shoot a sling bullet.
The sling bullet hits the orc priest but does no damage.
The orc priest is severely wounded.
The orc priest mumbles some strange prayers to Beogh against you.
Beogh smites you!
Ouch! That really hurt!
You start resting.
An orc priest is nearby!
You shoot a sling bullet.
The sling bullet closely misses the orc priest.
The orc priest mumbles some strange prayers to Beogh against you.
Beogh smites you!
Ouch! That really hurt!
You die...

#......# ##..o.o.#
###...#### ##.......
.......# ##..#....
......## ###.......
.......... .!.. ...
......#### ###.)o #.#
......# #...)###.#
#.#...# ####.....##.##
#.#.#... .......@.##..#
........ ..#..#)..###)#
.
#...##...###.#########
...
#...##...............#
...
#...##..##..........#
...
##.#.......#.........#
..##
#........<...........#
...#
#....................#
#..#
##....................#


You could see an orc priest (very drained).

Vanquished Creatures
  An adder (D:2)
  4 orcs (D:3)
  3 ball pythons (D:1)
  5 bats
  7 endoplasms
  4 goblins
  A hobgoblin (D:1)
  3 jackals (D:1)
  3 quokkas
  A frilled lizard (D:3)
  5 kobolds
  4 rats
41 creatures vanquished.

Notes
Turn   | Place    | Note
-------+----------+-------------------------------------------
     0 | D:1      | qw the Gargoyle Hexslinger began the quest for the Orb.
     0 | D:1      | Reached XP level 1. HP: 12/12 MP: 2/2
     0 | D:1      | 0 ||| qw: Version: 0.3-a-35-g05ef00e
     0 | D:1      | 0 ||| qw: Game counter: 7770
     0 | D:1      | 0 ||| qw: Melee chars always use a shield: true
     0 | D:1      | 0 ||| qw: God list: Okawaru
     0 | D:1      | 0 ||| qw: Allow faded altars: false
     0 | D:1      | 0 ||| qw: Do Orc after clearing Dungeon:15 true
     0 | D:1      | 0 ||| qw: Do second Lair branch before Depths: true
     0 | D:1      | 0 ||| qw: Lair rune preference: random
     0 | D:1      | 0 ||| qw: Goals: Normal
     0 | D:1      | 0 ||| PLANNING D:1-11
    90 | D:1      | Reached XP level 2. HP: 16/16 MP: 3/3
   132 | D:1      | Reached skill level 3 in Ranged Weapons
   261 | D:1      | Reached XP level 3. HP: 21/21 MP: 4/4
   586 | D:1      | 586 ||| READING scroll labelled XAACKY ARRU.
   587 | D:1      | 587 ||| READING scroll labelled MIMOD ZUIGE.
   588 | D:1      | 588 ||| READING 2 scrolls labelled FAIRUOWIFO.
   591 | D:1      | 591 ||| READING scroll labelled WIACLU BUTUJ.
   592 | D:1      | 592 ||| DROPPING scroll of poison.
   662 | D:2      | 662 ||| READING scroll of brand weapon.
   662 | D:2      | 662 ||| BRANDING +1 sling of electrocution.
  1054 | D:2      | Found Huerant's General Store.
  1063 | D:2      | 1063 ||| SHOPLISTING +2 hood of the Assassin {Detect Stab+
                  | Stlth++} (600 gold, have 64).
  1063 | D:2      | 1063 ||| SHOPLISTING +6 ring of strength (360 gold, have
                  | 64).
  1063 | D:2      | 1063 ||| BUYING potion of curing (30 gold).
  1063 | D:2      | Bought a potion of curing for 30 gold pieces
  1272 | D:2      | 1272 ||| READING scroll labelled XOOMIT QIBUTH.
  1273 | D:2      | 1273 ||| READING scroll labelled PAFALAMAEQ.
  1273 | D:2      | Identified a scroll of acquirement
  1273 | D:2      | 1273 ||| ACQUIRING ring "Hifemawi" {*Slow rPois rN++ rCorr
                  | Slay+2}
  1273 | D:2      | Acquired the ring "Hifemawi" {*Slow rPois rN++ rCorr
                  | Slay+2}
  1275 | D:2      | 1275 ||| UPGRADING to ring "Hifemawi" {*Slow rPois rN++
                  | rCorr Slay+2}.
  1276 | D:2      | 1276 ||| READING 2 scrolls of identify.
  1276 | D:2      | 1276 ||| IDENTIFYING green potion
  1277 | D:2      | 1277 ||| DROPPING potion of degeneration.
  1325 | D:3      | 1325 ||| PLANNING SEWER
  1565 | D:3      | 1565 ||| FLEEEEING.
  1566 | D:3      | 1566 ||| FLEEEEING.
  1571 | D:3      | 1571 ||| FLEEEEING.
  1573 | D:3      | 1573 ||| STAIRDANCE
  1603 | D:2      | 1603 ||| READING 2 scrolls labelled UDOTZA LEPS.
  1604 | D:2      | 1604 ||| DRINKING 2 pink potions.
  1605 | D:2      | 1605 ||| DRINKING potion of curing.
  1605 | D:2      | 1605 ||| (to cure confusion)
  1606 | D:2      | 1606 ||| DROPPING scroll of fear.
  1607 | D:2      | 1607 ||| DROPPING potion of ambrosia.
  1611 | D:3      | Reached XP level 4. HP: 26/26 MP: 5/5
  1624 | D:3      | Killed from afar by an orc priest

Levels and vault maps discovered:
D:1:      minmay_arrival_glassed_features, layout_basic
D:2:      layout_loops_ring, serial_shops, shop
D:3:      layout_rooms, gup_sewer_entry_pipe

Skill      XL: |  1  2  3 |
---------------+----------+-----
Ranged Weapons | 3 |  3.9
Fighting       | 2 |  2.0
Dodging        | |  1.5
Spellcasting   | |  1.0
Hexes          | |  2.6

Action                     |  1- 3 |  4- 6 || total
---------------------------+-------+-------++-------
   Fire: Sling             |   119 |     7 ||   126
    Use: Scroll            |     9 |       ||     9
         Potion            |     2 |       ||     2
 Armour: Robe              |    28 |       ||    28
  Dodge: Dodged            |    68 |       ||    68

Table legend:
 A = Non-vault XP
 B = Vault XP
 C = Vault XP percentage of total XP
 D = Non-vault monster count
 E = Vault monster count
 F = Vault count percentage of total count
                 A         B        C        D         E       F
            +---------+---------+-------+---------+---------+-------
      Total |      90 |       0 |   0.0 |      41 |       0 |   0.0
            +---------+---------+-------+---------+---------+-------
        D:1 |      48 |       0 |   0.0 |      27 |       0 |   0.0
        D:2 |      27 |       0 |   0.0 |       8 |       0 |   0.0
        D:3 |      15 |       0 |   0.0 |       6 |       0 |   0.0
            +---------+---------+-------+---------+---------+-------
